Map: Submarine LE

Players

Trap - Winner!

  • Race: Protoss Protoss
  • Spawn Location: 11:00

souL

  • Race: Terran Terran
  • Spawn Location: 5:00

Event: War Chest Team League

VOD

Have the link to the VOD?

Description

Time

  • Played on: July 24, 2020, 9:22 a.m.
  • Length: 10:32
Show
View Real Time Build Order
Export as new Build Order

Trap Protoss - Winner!

Build Orders: 1 Gate Expand, Double Forge, Blink Stalkers 

Get SALT Encoding   

  12  0:01  Probe  
  13  0:13  Probe  
  14  0:17  Pylon  
  14  0:24  Probe  
  15  0:32  Probe  
  15  0:36  Gateway  
  15  0:40  Probe  
  16  0:46  Assimilator  
  17  0:51  Probe  
  18  1:03  Probe  
  19  1:15  Probe  
  20  1:23  Cybernetics Core  
  20  1:32  Nexus  
  20  1:39  Pylon  
  20  1:42  Probe  
  21  1:50  Stalker, Assimilator  
  21  1:51  Warp Gate  
  22  1:54  Probe  
  24  2:06  Probe  
  25  2:18  Probe  
  25  2:19  Stalker  
  28  2:28  Gateway  
  28  2:30  Probe  
  29  2:42  Probe  
  30  2:46  Pylon  
  30  2:50  Twilight Council  
  30  2:55  Probe  
  30  2:57  Probe  
  32  3:03  Probe  
  32  3:08  Blink  
  32  3:09  Probe  
  32  3:12  Probe  
  35  3:21  Probe  
  35  3:23  Robotics Facility  
  35  3:24  Probe  
  37  3:34  Probe  
  38  3:37  Probe  
  38  3:40  Adept  
  41  3:41  Stalker  
  41  3:46  Probe  
  44  3:49  Probe  
  44  3:53  Gateway  
  45  4:00  Probe  
  45  4:01  Probe  
  45  4:02  Pylon  
  47  4:06  Observer  
  47  4:07  Stalker  
  49  4:12  Probe  
  49  4:13  Probe  
  52  4:24  Probe  
  53  4:25  Probe  
  53  4:27  Nexus, Observer  
  53  4:34  Stalker  
  53  4:37  Stalker  
  57  4:40  Assimilator  
  57  4:41  Probe  
  58  4:46  Probe  
  58  4:48  Stalker  
  58  4:52  Pylon  
  61  4:54  Observer  
  61  4:55  Forge  
  61  4:57  Forge  
  61  4:59  Pylon  
  62  5:10  Stalker  
  62  5:11  Probe x2  
  66  5:21  Charge  
  66  5:23  Probe x2  
  68  5:31  Protoss Ground Weapons Level 1  
  68  5:35  Probe x2  
  70  5:36  Pylon  
  70  5:39  Gateway  
  70  5:40  Gateway  
  70  5:43  Gateway  
  70  5:44  Gateway  
  70  5:47  Stalker  
  70  5:52  Probe x2  
  70  5:53  Immortal  
  75  6:07  Pylon  
  75  6:14  Shield Battery  
  75  6:15  Probe x3  
  78  6:19  Stalker x2  
  82  6:26  Immortal  
  82  6:27  Probe x2  
  84  6:33  Pylon  
  84  6:35  Pylon  
  88  6:41  Probe  
  88  6:42  Probe x2  
  88  6:52  Sentry x2, Zealot x3  
  96  6:55  Probe  
  96  6:56  Probe  
  98  7:04  Warp Prism  
  98  7:07  Photon Cannon  
  100  7:12  Pylon  
  100  7:13  Protoss Ground Armor Level 1  
  100  7:14  Pylon  
  98  7:18  Zealot x2  
  102  7:26  Zealot x3  
  102  7:27  Zealot  
  102  7:29  Zealot  
  112  7:32  Probe x2  
  109  7:41  Probe  
  109  7:44  Probe x2, Zealot  
  106  7:48  Stalker x2  
  106  7:49  Zealot  
  112  7:56  Probe  
  112  7:57  Probe x2  
  102  8:07  Assimilator  
  102  8:08  Assimilator  
  102  8:10  Zealot x3  
  107  8:14  Templar Archives  
  107  8:15  Probe x2  
  107  8:16  Probe  
  107  8:18  Assimilator  
  107  8:19  Warp Prism  
  107  8:23  Zealot x3  
  107  8:27  Psionic Storm  
  115  8:36  Pylon, Probe x2  
  115  8:37  Pylon  
  116  8:51  High Templar x2  
  116  8:52  High Templar, Zealot x3  
  128  9:01  Observer  
  128  9:02  High Templar  
  130  9:07  Pylon  
  130  9:08  Pylon  
  129  9:18  Zealot x3  
  133  9:32  Zealot x3  
  133  9:34  Nexus  
  133  9:35  Zealot  
  141  9:43  Zealot x3  
  133  9:53  Archon  
  131  10:06  Zealot x7  
  145  10:09  Robotics Facility  
  145  10:12  Robotics Bay  
  145  10:13  Probe x3  
Show
View Real Time Build Order
Export as new Build Order

souL Terran 

Build Orders:  

Get SALT Encoding   

  12  0:01  SCV  
  13  0:13  SCV  
  14  0:17  Supply Depot  
  14  0:25  SCV  
  15  0:38  SCV  
  15  0:40  Barracks  
  16  0:44  Refinery  
  16  0:50  SCV  
  17  1:03  SCV  
  18  1:15  SCV  
  19  1:27  Marine, Orbital Command  
  20  1:45  Command Center  
  20  1:47  Reaper  
  20  1:53  Supply Depot  
  21  1:55  SCV  
  22  2:03  Bunker  
  22  2:09  SCV  
  23  2:17  Factory  
  23  2:21  Barracks Reactor, SCV  
  24  2:24  Refinery  
  24  2:33  SCV  
  25  2:45  SCV  
  26  2:57  SCV  
  27  2:59  Orbital Command  
  27  3:02  Hellion, Starport  
  27  3:04  Marine x2  
  31  3:09  SCV  
  32  3:21  SCV  
  32  3:22  Marine x2  
  32  3:25  Barracks, Factory Tech Lab  
  35  3:28  SCV  
  35  3:33  SCV  
  37  3:40  Marine x2, SCV  
  40  3:45  Barracks, SCV  
  41  3:48  Raven  
  41  3:51  Factory Tech Lab  
  41  3:52  SCV  
  44  3:58  SCV  
  44  3:59  Supply Depot  
  45  4:04  SCV  
  46  4:10  Supply Depot  
  46  4:17  Supply Depot  
  46  4:20  Marine x2, SCV x2  
  46  4:21  Engineering Bay  
  50  4:27  Marauder  
  50  4:28  Stimpack  
  52  4:33  SCV x2  
  54  4:38  Refinery  
  54  4:39  Supply Depot  
  54  4:43  Marauder  
  54  4:45  Starport Reactor, Factory Reactor, SCV x2  
  58  4:48  Marauder  
  58  4:51  Missile Turret  
  58  4:52  Terran Infantry Weapons Level 1  
  60  4:57  SCV  
  60  4:58  Marine  
  62  5:00  SCV  
  62  5:04  Marauder  
  62  5:05  Supply Depot  
  65  5:09  SCV  
  65  5:10  Marauder  
  65  5:12  SCV  
  67  5:15  Marine  
  67  5:21  SCV  
  69  5:23  Marine  
  69  5:26  Marauder  
  69  5:30  Medivac  
  69  5:31  Marauder, Widow Mine x2  
  69  5:33  Marine, SCV  
  77  5:36  SCV  
  77  5:39  Supply Depot  
  78  5:43  Marine  
  78  5:45  SCV  
  78  5:47  Marauder  
  82  5:50  SCV  
  82  5:51  Marine  
  82  5:52  Marauder  
  86  5:58  SCV  
  86  6:00  Widow Mine  
  86  6:05  Medivac  
  86  6:06  Medivac  
  86  6:09  Marauder, SCV  
  86  6:10  Marine, SCV  
  92  6:12  Marine  
  93  6:19  Refinery  
  93  6:22  Supply Depot x2, Combat Shield  
  93  6:24  Marauder  
  93  6:26  SCV  
  93  6:28  Marine  
  94  6:39  Supply Depot  
  94  6:44  Marauder, Widow Mine x2  
  94  6:46  Supply Depot  
  98  6:52  Marine  
  99  6:55  Command Center, SCV  
  99  6:58  Medivac  
  99  7:01  SCV  
  100  7:07  SCV  
  103  7:08  Marauder  
  103  7:11  Supply Depot  
  103  7:13  SCV  
  104  7:15  Marine  
  104  7:16  Marauder  
  104  7:19  SCV  
  106  7:23  Medivac  
  106  7:25  SCV, Widow Mine  
  106  7:26  Marine  
  106  7:28  Medivac  
  114  7:30  Supply Depot  
  114  7:32  SCV  
  114  7:37  SCV  
  114  7:41  Marauder, Marine  
  114  7:44  SCV  
  110  7:48  Marauder, Marine  
  111  7:54  SCV, Orbital Command  
  111  7:58  Marine, SCV  
  100  8:02  Marauder  
  88  8:05  Marine  
  88  8:06  Widow Mine  
  88  8:09  Marine  
  90  8:16  Marine  
  90  8:20  Orbital Command  
  90  8:23  Marine  
  90  8:24  Marauder  
  90  8:25  Widow Mine  
  95  8:27  Marauder  
  97  8:34  Marine  
  97  8:36  Widow Mine  
  97  8:39  Medivac x2  
  104  8:41  Marine  
  104  8:42  Orbital Command  
  104  8:45  Barracks, Marauder  
  106  8:49  SCV x2  
  106  8:50  Marauder  
  106  8:52  Marine  
  111  8:58  Barracks  
  111  8:59  Marine  
  111  9:01  SCV  
  115  9:02  Widow Mine  
  115  9:08  SCV  
  115  9:13  Marauder, SCV  
  115  9:15  Marine  
  113  9:20  SCV x2  
  113  9:23  Widow Mine  
  117  9:25  SCV  
  118  9:32  SCV  
  118  9:33  Ghost Academy, SCV  
  118  9:37  SCV  
  121  9:40  Marine  
  121  9:41  Armory  
  121  9:42  Engineering Bay  
  121  9:44  SCV  
  123  9:45  Refinery  
  123  9:49  Marauder, Marine  
  113  9:53  Marine  
  113  9:55  Marauder  
  113  9:58  Medivac x2, Marine  
  101  10:06  Widow Mine  
  87  10:07  Marine  
  87  10:11  Marauder, SCV  
  87  10:12  Barracks Reactor, Barracks Tech Lab  
Tags
 
Add a new tag
Caveats
  • Supply blocks, unpowered buildings, or Contaminate may cause inaccurate times.
  • Supply counts are checked every 10 seconds.